 Dungeon Crawl Stone Soup version 0.15-a0-429-gf5d7e11 (webtiles) character file.

229 PolkaDot the Insei (level 5, -2/39 HPs)
             Began as a Vampire Transmuter on May 6, 2014.
             Slain by a green rat (7 damage)
             ... on Level 3 of the Dungeon.
             The game lasted 00:09:23 (1917 turns).

PolkaDot the Insei (Vampire Transmuter)             Turns: 1917, Time: 00:09:24

HP  -2/39        AC  2     Str  9      XL: 5   Next:  9%
MP   8/9         EV 12     Int 15      God:
Gold 80          SH  0     Dex 15      Spells:  1 memorised,  7 levels left

rFire  . . .     SeeInvis +       - Unarmed
rCold  . . .     Clarity  .     c - +0 robe
rNeg   . . .     Conserve .     (no shield)
rPois  .         rCorr    .     (helmet restricted)
rElec  .         rRot     .     (no cloak)
SustAb . .       Spirit   .     (no gloves)
rMut   .         Warding  .     (no boots)
Saprov . . .     Stasis   .     (no amulet)
MR     .....                    (no ring)
                                (no ring)

@: appendage, regenerating quickly, not resistant to hostile enchantments, very
unstealthy
A: fangs 3, horns 2, see invisible, unbreathing
a: End Transformation


You were on level 3 of the Dungeon.
You were very full.
You had grown temporary horns.
You visited 1 branch of the dungeon, and saw 3 of its levels.

You collected 80 gold pieces.

Inventory:

Missiles
 b - 12 arrows
Armour
 c - a +0 robe (worn)
Magical devices
 e - a wand of magic darts (14) {unknown}
Scrolls
 a - 4 scrolls of identify {unknown}
 g - 3 scrolls of blinking {unknown}
 j - a scroll of random uselessness {unknown}
Books
 d - a book of Changes

   Spells                             Type                      Level
   *Beastly Appendage                 Transmutation                1
   Sticks to Snakes                   Transmutation                2
   Spider Form                        Transmutation/Poison         3
   Ice Form                           Ice/Transmutation            4
   Blade Hands                        Transmutation                5


   Skills:
 + Level 2.4 Fighting
 - Level 2.1 Dodging
 * Level 4.9 Unarmed Combat
 - Level 2.0 Spellcasting
 + Level 3.5 Transmutations


You had 7 spell levels left.
You knew the following spells:

 Your Spells              Type           Power        Failure   Level  Hunger
a - Beastly Appendage     Trmt           ##....       6%          1    #......


Dungeon Overview and Level Annotations

Branches:
Dungeon (3/15)

Altars:

Portals:
Sewer: D:3


Innate Abilities, Weirdness & Mutations

Your natural rate of healing is unusually fast.
You have razor-sharp teeth.*
You have supernaturally acute eyesight.
You can survive without breathing.*
You have a pair of horns on your head.*


Message History

You closely miss the green rat.
You feel sick.
You are no longer poisoned.
Casting: Beastly Appendage
Confirm with . or Enter, or press ? or * to list all spells.
You extend your transformation's duration.
The green rat bites you.
* * * LOW HITPOINT WARNING * * *
You hit the green rat.
The green rat is lightly wounded.
The green rat closely misses you.
You hit the green rat.
The green rat is moderately wounded.
The green rat closely misses you.
You hit the green rat but do no damage.
The green rat is moderately wounded.
The green rat misses you.
You barely miss the green rat. Your headbutt misses the green rat.
The green rat is moderately wounded.
The green rat bites you!
You die...

#.# #.# #.# #.#
#.####.#######***
###..............,,
#........#######***
#≈≈≈.....#
#.≈.≈≈...#
#≈≈≈≈≈≈..#
##@##≈...#
#≈r≈#≈≈..#
#≈∩≈#≈...#
#≈≈≈+≈≈..#
##########


You could see a green rat.

Vanquished Creatures
  Ijyb (D:3)
  3 gnolls (D:3)
  2 adders
  2 giant mites
  2 worms (D:2)
  3 oozes
  4 giant geckos
  6 ball pythons
  5 bats
  3 giant cockroaches
  3 hobgoblins
  4 jackals (D:1)
  5 kobolds
  5 giant newts
  5 goblins
  5 rats
58 creatures vanquished.

Notes
Turn   | Place    | Note
--------------------------------------------------------------
     0 | D:1      | PolkaDot, the Vampire Transmuter, began the quest for the Orb.
     0 | D:1      | Reached XP level 1. HP: 14/14 MP: 3/3
     2 | D:1      | Learned a level 1 spell: Beastly Appendage
   109 | D:1      | Reached skill level 1 in Fighting
   187 | D:1      | Reached XP level 2. HP: 14/21 MP: 4/4
   820 | D:2      | Reached XP level 3. HP: 3/26 MP: 4/6
   862 | D:2      | Reached skill level 4 in Unarmed Combat
  1292 | D:2      | Reached XP level 4. HP: 23/33 MP: 5/7
  1590 | D:3      | Noticed Ijyb
  1626 | D:3      | Killed Ijyb
  1814 | D:3      | Reached XP level 5. HP: 3/39 MP: 7/9
  1895 | D:3      | Found a glowing drain.
  1917 | D:3      | Slain by a green rat

Action                   |  1- 3 |  4- 6 || total
-------------------------+-------+-------++-------
Melee: Unarmed           |   129 |   104 ||   233
 Cast: Beastly Appendage |    14 |    11 ||    25
  Use: Potion            |     3 |     6 ||     9
       Scroll            |     1 |     1 ||     2
 Stab: Invisible         |     1 |       ||     1
       Sleeping          |     1 |       ||     1
